 Dungeon Crawl Stone Soup version 0.29.1-2-gbd0b4ee654 (webtiles) character file.

Game seed: 840322979870825822

735 fleeber the Magician (level 7, -14/36 HPs)
             Began as a Deep Elf Conjurer on Nov 24, 2022.
             Demolished by an orc warrior
             ... wielding a +0 trident
              (19 damage)
             ... on level 5 of the Dungeon.
             The game lasted 00:15:26 (6075 turns).

fleeber the Magician (Deep Elf Conjurer)            Turns: 6075, Time: 00:15:26

Health: -14/36     AC:  5    Str:  4    XL:     7   Next: 45%
Magic:  16/19      EV: 12    Int: 25    God:
Gold:   200        SH:  0    Dex: 13    Spells: 13/20 levels left

rFire   . . .      SeeInvis .   n - +1 short sword (venom)
rCold   . . .      Faith    .   (no shield)
rNeg    . . .      Spirit   .   a - +0 robe
rPois   .          Reflect  .   e - +0 helmet
rElec   .          Harm     .   (no cloak)
rCorr   .          Rampage  .   w - +1 pair of gloves
Will    .....                   (no boots)
Stlth   ++........              u - amulet of magic regeneration
HPRegen 0.12/turn               (no ring)
MPRegen 0.56/turn               (no ring)

@: no status effects
A: no striking features
a: no special abilities


You were on level 5 of the Dungeon.
You visited 1 branch of the dungeon, and saw 5 of its levels.
You also visited: Sewer.

You collected 200 gold pieces.

Inventory:

Hand Weapons
 n - a +1 short sword of venom (weapon)
Armour
 a - a +0 robe (worn)
 e - a +0 helmet (worn)
 w - a +1 pair of gloves (worn)
Jewellery
 u - an amulet of magic regeneration (around neck)
Wands
 q - a wand of acid (13)
Scrolls
 f - a scroll of blinking {unknown}
 g - 4 scrolls of identify {unknown}
 h - 3 scrolls of enchant armour {unknown}
 i - a scroll of poison {unknown}
 k - a scroll of brand weapon {unknown}
 m - 2 scrolls of immolation {unknown}
 r - a scroll of butterflies {unknown}
 s - a scroll of vulnerability {unknown}
 t - 2 scrolls of teleportation {unknown}
 x - a scroll of enchant weapon {unknown}
Potions
 b - a potion of magic
 c - a potion of brilliance {unknown}
 d - 2 potions of mutation {unknown}
 j - 3 potions of cancellation {unknown}
 l - 2 potions of attraction {unknown}
 o - a potion of resistance {unknown}
 p - 2 potions of invisibility {unknown}
 v - 2 potions of heal wounds {unknown}


   Skills:
 - Level 2.4 Dodging
 - Level 2.4 Stealth
 + Level 7.3 Spellcasting
 + Level 7.2 Conjurations
 - Level 4.0 Translocations


You had 13 spell levels left.
You knew the following spells:

 Your Spells              Type           Power      Damage    Failure   Level
a - Magic Dart            Conj           100%       1d8       1%          1
b - Searing Ray           Conj           90%        2d7       1%          2
c - Iskenderun's Mystic   Conj/Tloc      37%        2d9       6%          4

Your spell library contained the following spells:

 Spells                   Type           Power      Damage    Failure   Level
 Dazzling Flash           Conj/Hex       54%        N/A       4%          3
 Fulminant Prism          Conj/Hex       13%        3d9       14%         4
 Frozen Ramparts          Ice            18%        1d3       19%         3
 Ice Form                 Ice/Tmut       9%         N/A       54%         4
 Summon Ice Beast         Ice/Summ       9%         N/A       54%         4


Dungeon Overview and Level Annotations

Branches:
Dungeon (5/15)              Sewer (visited)
 Temple: D:4-7

Altars:
Hepliaklqana

Shops:
D:2 (

Annotations:
D:4 exclusion: downstairs


Message History

The orc priest calls down the wrath of Beogh upon you.
Beogh smites you!
The orc warrior hits you from afar with a +0 trident!
Casting: Searing Ray (safe; 1% risk of failure)
Confirm with . or Enter, or press ? or * to list all spells.
Restarting spell: Searing Ray (safe; 1% risk of failure)
Press: ? - help, Shift-Dir - straight line, f/p - orc
Aim: an orc, wielding a +0 dagger and wearing a +0 chain mail (87% to hit)
Okay, then.
The orc hits you but does no damage.
Casting: Searing Ray (safe; 1% risk of failure)
Confirm with . or Enter, or press ? or * to list all spells.
Aiming: Searing Ray (safe; 1% risk of failure)
Press: ? - help, Shift-Dir - straight line, p - orc The searing ray hits the orc but does no damage.
The searing ray hits the orc warrior.
The orc warrior is heavily wounded. (Press . to maintain the ray.)
The orc priest invokes the aid of Beogh against you.
Beogh smites you!
* * * LOW HITPOINT WARNING * * *
The orc warrior completely misses you. The orc hits you but does no damage.
The orc priest casts a cantrip, but nothing happens.
Casting: Searing Ray (safe; 1% risk of failure)
Confirm with . or Enter, or press ? or * to list all spells.
Aiming: Searing Ray (safe; 1% risk of failure)
Press: ? - help, Shift-Dir - straight line, f - orc warrior
Aim: an orc warrior, wielding a +0 trident and wearing a +0 plate armour (heavily wounded, 82% to hit)
The searing ray hits the orc.
The orc is moderately wounded.
The searing ray hits the orc warrior.
The orc warrior is heavily wounded.
The searing ray hits the orc!
You kill the orc! (Press . to maintain the ray.)
The orc hits you but does no damage.
The orc warrior hits you from afar with a +0 trident!!
Ouch! That really hurt!
You die...

#..........#
#..........#
#.........o#
#.........|#
##<.......)#
###.......#
####...o#
##..o## #..@[#
#....########
#...........#
##.......#####
#........#
.........##
..........#
....###...#
#### ##..#


You could see an orc warrior, an orc priest and an orc.

Vanquished Creatures
  A wyvern (D:4)
  2 kobold brigands (Sewer)
  A scorpion (D:4)
  A gnoll bouda (D:4)
  2 hounds
  2 iguanas (D:4)
  A gnoll (D:4)
  8 river rats (Sewer)
  7 adders
  2 worms (D:3)
  2 dart slugs
  5 orcs
  4 bats
  9 endoplasms
  5 giant cockroaches
  5 goblins
  9 hobgoblins
  19 kobolds
  2 quokkas
  8 ball pythons
  3 frilled lizards
  24 rats
122 creatures vanquished.

Notes
Turn   | Place    | Note
-------+----------+-------------------------------------------
     0 | D:1      | fleeber the Deep Elf Conjurer began the quest for the Orb.
     0 | D:1      | Reached XP level 1. HP: 10/10 MP: 6/6
   286 | D:1      | Reached XP level 2. HP: 15/15 MP: 4/8
   350 | D:1      | Reached skill level 1 in Translocations
   629 | D:1      | Found a faded altar of an unknown god.
  1204 | D:2      | Reached XP level 3. HP: 19/19 MP: 7/10
  1500 | D:2      | Found a hazy altar of Hepliaklqana.
  1551 | D:2      | Found Ixieck's Weapon Shop.
  2027 | D:2      | Reached skill level 5 in Conjurations
  2188 | D:2      | Learned a level 2 spell: Searing Ray
  2440 | D:3      | Reached XP level 4. HP: 24/24 MP: 6/12
  2484 | D:3      | Found a glowing drain.
  2508 | Sewer    | Entered a sewer
  2979 | Sewer    | Reached XP level 5. HP: 28/28 MP: 10/14
  3021 | Sewer    | Reached skill level 5 in Spellcasting
  3306 | Sewer    | Reached XP level 6. HP: 28/32 MP: 8/16
  3999 | D:3      | You fall into a shaft and drop 1 floor!
  4004 | D:4      | Noticed a wyvern
  4631 | D:4      | Learned a level 4 spell: Iskenderun's Mystic Blast
  5287 | D:4      | Killed a wyvern
  5288 | D:4      | Reached XP level 7. HP: 18/36 MP: 5/19
  5847 | D:5      | Entered Level 5 of the Dungeon
  6075 | D:5      | Demolished by an orc warrior

Illustrated notes

Levels and vault maps discovered:
D:1:      kennysheep_arrival_seaside, layout_basic,
          hellmonk_ecumenical_altar_leap_of_faith, st_stairs_5
D:2:      layout_basic, serial_shops, nicolae_shop_bloodbath_and_beyond,
          basic_altar, serial_park_tiny_2
D:3:      layout_basic, cheibrodos_sewer_entry_drain, st_stairs_12
D:4:      layout_basic
D:5:      layout_layer_cave, minmay_temple_entry_stoned_glass

Skill      XL: |  1  2  3  4  5  6  7 |
---------------+----------------------+-----
Translocations | 1 2 3 4 |  4.0
Spellcasting   | 4 5 6 7 |  7.3
Conjurations   | 5 6 7 |  7.2
Dodging        | |  2.4
Stealth        | |  2.4

Action                   |  1- 3 |  4- 6 |  7- 9 || total
-------------------------+-------+-------+-------++-------
 Cast: Magic Dart        |    76 |   136 |    19 ||   231
       Searing Ray       |       |    11 |     6 ||    17
       Iskenderun's Myst |       |     2 |       ||     2
Armor: Robe              |     1 |     3 |     3 ||     7
Dodge: Dodged            |     3 |    11 |    12 ||    26
